 Dungeon Crawl Stone Soup version 0.17.0-28-g6e173f8 (webtiles) character file.

99 DeXoteric the Chopper (level 4, -6/40 HPs)
             Began as a Deep Dwarf Fighter on Nov 23, 2015.
             Mangled by an orc warrior
             ... wielding a +0 glaive
              (19 damage)
             ... on level 3 of the Dungeon.
             The game lasted 00:06:58 (1885 turns).

DeXoteric the Chopper (Deep Dwarf Fighter)          Turns: 1885, Time: 00:06:59

Health: -6/40      AC: 10    Str: 20    XL:     4   Next: 45%
Magic:  4/4        EV:  5    Int:  9    God:
Gold:   101        SH:  9    Dex: 12    Spells: 0 memorised, 3 levels left

rFire  . . .     SeeInvis .     a - +0 war axe
rCold  . . .     Clarity  .     o - +0 chain mail
rNeg   . . .     SustAt   .     c - +0 shield
rPois  .         Gourm    .     (no helmet)
rElec  .         Spirit   .     (no cloak)
rCorr  .         Warding  .     s - +0 pair of gloves
rMut   .         Stasis   .     (no boots)
MR     .....                    (no amulet)
Stlth  ..........               (no ring)
                                (no ring)

@: non-regenerating, not resistant to hostile enchantments, extremely unstealthy
A: damage resistance, recharge devices, sense surroundings 1, slow regeneration
3
a: Device Recharging


You were on level 3 of the Dungeon.
You were not hungry.

You visited 1 branch of the dungeon, and saw 3 of its levels.

You collected 101 gold pieces.

Inventory:

Hand Weapons
 a - a +0 war axe (weapon)
Armour
 b - a +0 scale mail
 c - a +0 shield (worn)
 o - a +0 chain mail (worn)
 s - a +0 pair of gloves (worn)
Wands
 e - a wand of heal wounds (4)
Scrolls
 h - a scroll of teleportation {unknown}
 j - a scroll of remove curse {unknown}
 k - a scroll of fog {unknown}
 p - a scroll of recharging {unknown}
 q - a scroll of magic mapping {unknown}
 r - 2 scrolls of identify {unknown}
Potions
 d - a potion of might
 i - a potion of brilliance {unknown}
 l - a potion of ambrosia {unknown}
 m - a potion of heal wounds {unknown}
 n - a potion of cancellation {unknown}
Comestibles
 f - 2 bread rations
 g - 10 chunks of flesh


   Skills:
 - Level 2.6 Fighting
 * Level 5.2 Axes
 - Level 3.2 Armour
 - Level 3.2 Shields


You had 3 spell levels left.
You didn't know any spells.

Dungeon Overview and Level Annotations

Branches:
Dungeon (3/15)

Altars:
Okawaru


Innate Abilities, Weirdness & Mutations

You are resistant to damage.
You can recharge devices by infusing magical energy.
You passively map a small area around you.
You do not regenerate naturally.


Message History

A kobold comes into view. It is wielding a dagger.
You closely miss the bat. The bat hits you but does no damage.
The bat hits you but does no damage.
You closely miss the bat. You block the bat's attack.
The bat hits you but does no damage.
You closely miss the bat. The bat hits you but does no damage.
You block the bat's attack.
The orc warrior hits you from afar with a glaive!
The bat hits you but does no damage. The bat hits you but does no damage. x2
The bat hits you but does no damage.
Your shield and chain mail prevent you from hitting the bat.
The bat closely misses you. You block the orc warrior's attack.
The orc warrior hits you with a glaive!
* * * LOW HITPOINT WARNING * * *
You slash the orc warrior!
The orc warrior is moderately wounded.
The orc warrior hits you with a glaive!!
You die...

* *#.. ##### ##.. ,
* ##...## * * #?..,,
##.....## * ...
#.......# ,,* *
**#.K, #.......# * *
#o# ######.......# *
#o###...........## *
*
#.#g..####.......###
, #.o.###
#.......... #..##
#.......### #....##
#......## ,, #.#.##
#.#...## #.#.
#.##### * #.#...###
#.# #.......### ##.#
** .o....##>..##
#..#


You could see an orc warrior.

Vanquished Creatures
  2 adders
  An ooze (D:2)
  2 worms (D:3)
  6 orcs
  7 bats
  6 goblins
  5 hobgoblins
  11 jackals
  4 kobolds
  A ball python (D:2)
  3 giant newts
  15 rats
63 creatures vanquished.

Notes
Turn   | Place    | Note
--------------------------------------------------------------
     0 | D:1      | DeXoteric the Deep Dwarf Fighter began the quest for the Orb.
     0 | D:1      | Reached XP level 1. HP: 20/20 MP: 1/1
   141 | D:1      | Reached XP level 2. HP: 22/27 MP: 2/2
   803 | D:2      | Reached skill level 4 in Axes
   803 | D:2      | Reached XP level 3. HP: 20/33 MP: 3/3
  1413 | D:3      | Found an iron altar of Okawaru.
  1582 | D:3      | Noticed an orc warrior
  1645 | D:3      | Reached XP level 4. HP: 40/40 MP: 4/4
  1706 | D:3      | Reached skill level 5 in Axes
  1885 | D:3      | Mangled by an orc warrior

Action                   |  1- 3 |  4- 6 || total
-------------------------+-------+-------++-------
Melee: War axe           |   165 |    43 ||   208
Evoke: Wand              |     1 |       ||     1
  Eat: Chunk             |     2 |     2 ||     4
